 Dungeon Crawl Stone Soup version 0.32-a0-576-g706899e69d (webtiles) character file.

Game seed: 1103900398560444956

95 DrKenneth the Shield-Bearer (level 4, -4/41 HPs)
             Began as a Minotaur Fighter on Mar 2, 2024.
             Splashed by a jelly's acid (11 damage)
             ... on level 4 of the Dungeon.
             The game lasted 00:05:29 (2144 turns).

DrKenneth the Shield-Bearer (Minotaur Fighter)      Turns: 2144, Time: 00:05:30

Health: -4/41      AC:  0    Str: 23    XL:     4   Next: 40%
Magic:  3/3        EV:  9    Int:  5    God:
Gold:   145        SH:  4    Dex:  9    Spells: 3/3 levels left

rFire   . . .        a - +0 war axe
rCold   . . .        c - +0 buckler
rNeg    . . .        b - +0 scale mail
rPois   .            (helmet restricted)
rElec   .            (no cloak)
rCorr   .            (no gloves)
SInv    .            (no boots)
Will    .....        (no amulet) Stlth
                     (no ring)
HPRegen 0.26/turn    (no ring)
MPRegen 0.08/turn

%: no passive effects
@: weak-willed, corroded
A: horns 2, retaliatory headbutt
a: no special abilities


You were on level 4 of the Dungeon.
You visited 1 branch of the dungeon, and saw 4 of its levels.

You collected 145 gold pieces.

Inventory:

Hand Weapons
 a - a +0 war axe (weapon)
Armour
 b - a +0 scale mail (worn)
 c - a +0 buckler (worn)
 m - the +0 robe "Nitav Est" {-Tele Str+3 Dex+5}
   (You found it on level 2 of the Dungeon)

   Str+3:     It affects your strength (+3).
   Dex+5:     It affects your dexterity (+5).
   -Tele:     It prevents most forms of teleportation.
Jewellery
 i - a ring of poison resistance
Scrolls
 e - a scroll of silence {unknown}
 f - 3 scrolls of identify
 h - a scroll of summoning {unknown}
 k - a scroll of teleportation {unknown}
 l - 2 scrolls of vulnerability
 p - a scroll of blinking {unknown}
 q - a scroll of amnesia {unknown}
Potions
 d - 2 potions of might
 g - a potion of heal wounds {unknown}
 j - 2 potions of invisibility
 n - 2 potions of haste {unknown}
 o - a potion of degeneration {unknown}
 r - a potion of resistance {unknown}


   Skills:
 + Level 4.3 Fighting
 + Level 3.6 Axes
 + Level 4.4 Armour
 + Level 4.4 Shields


You had 3 spell levels left.
You didn't know any spells.
Your spell library was empty.

Dungeon Overview and Level Annotations

Branches:
Dungeon (4/15)
 Temple: D:4-7

Altars:
Ru


Innate Abilities, Weirdness & Mutations

You have a pair of horns on your head.
You reflexively headbutt those who attack you in melee.


Message History

You block the orc's attack.
You barely miss the orc.
The jelly quivers.
Your headbutt misses the orc. You closely miss the orc.
The orc hits you but does no damage. The orc barely misses you.
You hit the orc. Your headbutt misses the orc.
The orc is severely wounded.
You closely miss the orc. You barely miss the orc. You headbutt the orc.
You kill the orc!
You barely miss the orc. The orc closely misses you. You furiously retaliate!
You headbutt the orc. The orc closely misses you.
The orc wizard hits you with a +0 dagger.
The orc hits you but does no damage.
You hit the orc.
The orc is almost dead.
You slash the orc wizard! You slash the orc!
You kill the orc!
The orc wizard hits you but does no damage.
The orc barely misses you.
You hit the orc.
You kill the orc!
You barely miss the orc wizard.
The orc wizard hits you with a +0 dagger.
You hit the orc wizard but do no damage.
The orc wizard is heavily wounded.
You hit the jelly. The acid corrodes you!
Your hands burn!
The orc wizard hits you with a +0 dagger.
The jelly hits you. The acid corrodes you!
You are splashed with acid!
The orc wizard hits you with a +0 dagger.
The jelly hits you.
You are splashed with acid!
* * * LOW HITPOINT WARNING * * *
You hit the jelly but do no damage.
Your hands burn!
* * * LOW HITPOINT WARNING * * *
The jelly is lightly wounded.
You barely miss the orc wizard. The orc wizard completely misses you.
The jelly hits you.
* * * LOW HITPOINT WARNING * * *
You are splashed with acid!
You die...

#### ## #..#
..### ##..##
.....? ##....##
..... #......
#...# ##..[.#
#... #.)..<#
#.o## ##...<.#
#J@####......#
##).##..###...#
##....##
###.... ######
###.# #


You could see a jelly and an orc wizard.

Vanquished Creatures
  An iguana (D:4)
  A ribbon worm (D:2)
  8 orcs
  3 ball pythons
  8 endoplasms
  2 giant cockroaches (D:1)
  4 goblins
  5 hobgoblins
  4 quokkas
  6 bats
  6 frilled lizards
  2 kobolds
  7 rats
57 creatures vanquished.

Notes
Turn   | Place    | Note
-------+----------+-------------------------------------------
     0 | D:1      | DrKenneth the Minotaur Fighter began the quest for the Orb.
     0 | D:1      | Reached XP level 1. HP: 19/19 MP: 0/0
   177 | D:1      | Reached XP level 2. HP: 27/27 MP: 1/1
   809 | D:2      | Reached XP level 3. HP: 33/33 MP: 2/2
   921 | D:2      | Identified the +0 robe "Nitav Est" {-Tele Str+3 Dex+5}
  1932 | D:3      | Found a sacrificial altar of Ru.
  2120 | D:4      | Reached XP level 4. HP: 40/41 MP: 3/3
  2144 | D:4      | Splashed by a jelly's acid

Illustrated notes

Levels and vault maps discovered:
D:1:      ncdulo_halloftheorcs, layout_loops_ring, serial_bayou_pond_c
D:2:      layout_rooms
D:3:      layout_basic, mainiacjoe_overflow_alcove_4
D:4:      layout_layer_cave, serial_shops, shop

Skill      XL: |  1  2 |
---------------+-------+-----
Armour         | 4 |  4.4
Fighting       | 4 |  4.3
Axes           | 3 |  3.6
Shields        | 4 |  4.4

Action                     |  1- 3 |  4- 6 || total
---------------------------+-------+-------++-------
  Melee: War axe           |   100 |    12 ||   112
         Headbutt          |     9 |     1 ||    10
    Use: Scroll            |       |     2 ||     2
 Armour: Scale mail        |    59 |    14 ||    73
  Dodge: Dodged            |    65 |     5 ||    70
  Block: Buckler           |    22 |     3 ||    25

Table legend: (Time is in decaauts)
 A = Elapsed time spent in this place.
 B = Non-inter-level travel time spent in this place.
 C = Inter-level travel time spent in this place.
 D = Time resting spent in this place.
 E = Time spent auto-exploring this place.
 F = Levels seen in this place.
 G = Mean time per level.
                   A        B        C        D        E       F      G
               +--------+--------+--------+--------+--------+-----+--------+
         Total |   2188 |   1961 |    227 |     17 |   1604 |   4 |  547.0 |
       Dungeon |   2188 |   1961 |    227 |     17 |   1604 |   4 |  547.0 |
               +--------+--------+--------+--------+--------+-----+--------+

Top non-repeatable levels by time:
     D:3: 943 daAuts
     D:1: 756 daAuts
     D:2: 450 daAuts
     D:4: 38 daAuts
